 Dungeon Sprint DCSS version 0.24.1-14-gf8d2b509d9 (webtiles) character file.

Game seed: 11952933505969188063, levelgen mode: deterministic

26284 Chiseanne the Ninja (level 12, -2/53 HPs)
             Began as a Spriggan Assassin on June 3, 2020.
             Was a Priest of Fedhas.
             Killed from afar by Lom Lobon (43 damage)
             ... with a great icy blast
             ... in the Dungeon (Sprint I: "Red Sonja").
             The game lasted 00:32:29 (4136 turns).

Chiseanne the Ninja (Spriggan Assassin)             Turns: 4136, Time: 00:32:29

Health: -2/53      AC: 12    Str:  5    XL:     12   Next: 97%
Magic:  2/26       EV: 40    Int: 14    God:    Fedhas [***...]
Gold:   1364       SH:  6    Dex: 23    Spells: 5/11 levels left

rFire    + . .     SeeInvis +   a - +3 short sword (drain)
rCold    + + +     Gourm    .   u - +0 buckler {rC+ rF+}
rNeg     . . .     Faith    +   A - +4 skin of Zhor {Hibernate rC+++ SInv}
rPois    +         Spirit   .   k - +0 mask of the Dragon {MR+ Slay+3 SInv}
rElec    +         Reflect  .   c - +0 cloak
rCorr    .         Harm     .   (gloves unavailable)
MR       +++..     NoTele   +   (boots unavailable)
Stlth    +++++.....             z - amulet of faith
HPRegen  0.00/turn              m - ring of poison resistance
MPRegen  0.20/turn              E - ring "Lifol" {rElec AC+3 Int+2}

@: slow
A: very small, unfitting armour, iridescent scales 1, see invisible, herbivore,
speed 3, mutation resistance 1, inhibited regeneration, slow metabolism 2, weak
1, no potion heal 1
a: Wall of Briars, Grow Ballistomycete, Renounce Religion


You were in the Dungeon.
You worshipped Fedhas.
Fedhas was most pleased with you.
You were not hungry.

You visited 1 branch You collected 5952 gold pieces.
You spent 4588 gold pieces at shops.

Inventory:

Hand Weapons
 a - a +3 short sword of draining (weapon)
Missiles
 b - 31 bolts
 d - 8 poisoned darts
 e - 19 curare-tipped darts (quivered)
 i - 68 arrows
 q - 21 sling bullets
 r - 5 datura-tipped darts
Armour
 c - a +0 cloak (worn)
 k - the +0 mask of the Dragon (worn) {MR+ Slay+3 SInv}
   (You bought it in a shop in the Dungeon)

   It affects your accuracy and damage with ranged weapons and melee attacks
   (+3).
   It affects your resistance to hostile enchantments.
   It lets you see invisible.
 u - a +0 buckler of resistance (worn)
 y - the +1 robe of the Marlin {rC- rN+ Int+3 Dex+6}
   (You bought it in a shop in the Dungeon)

   It affects your intelligence (+3).
   It affects your dexterity (+6).
   It makes you vulnerable to cold.
   It protects you from negative energy.
 A - the +4 skin of Zhor (worn) {Hibernate rC+++ SInv}
   (You bought it in a shop in the Dungeon)

   It renders you almost immune to cold.
   It lets you see invisible.
Jewellery
 m - a ring of poison resistance (left hand)
 z - an amulet of faith (around neck)
 E - the ring "Lifol" (right hand) {rElec AC+3 Int+2}
   (You found it in the Dungeon)

   [ring of protection]

   It affects your AC (+3).
   It affects your intelligence (+2).
   It insulates you from electricity.
Wands
 n - a wand of digging (4)
Scrolls
 l - 4 scrolls of blinking
 p - 2 scrolls of remove curse
 s - 2 scrolls of magic mapping
 v - a scroll of fear
 w - 2 scrolls of fog
 x - 8 scrolls of identify
Potions
 g - 4 potions of curing
 h - a potion of heal wounds
 j - 2 potions of magic
 o - 2 potions of ambrosia
 t - a potion of invisibility
Miscellaneous
 B - 2 sacks of spiders
 C - 3 boxes of beasts
Comestibles
 f - 7 rations


   Skills:
 - Level 1.5 Fighting
 - Level 2.1 Short Blades
 - Level 2.0 Throwing
 * Level 25.0 Dodging
 O Level 27 Stealth
 + Level 0.0 Spellcasting
 * Level 18.5 Invocations


You had 5 spell levels left.
You knew the following spells:

 Your Spells              Type           Power        Failure   Level  Hunger
a - Statue Form           Tmut/Erth      #........    100%        6    #######

Your spell library contained the following spells:

 Spells                   Type           Power        Failure   Level  Hunger
 Magic Dart               Conj           #...         43%         1    ##.....
 Searing Ray              Conj           #.....       58%         2    ###....
 Shroud of Golubria       Chrm/Tloc      #.....       58%         2    ###....
 Throw Flame              Conj/Fire      #.....       58%         2    ###....
 Gell's Gravitas          Tloc           #.........   82%         3    ####...
 Ignite Poison            Fire/Tmut/Pois #.......     82%         3    ####...
 Inner Flame              Hex/Fire       #.......     82%         3    ####...
 Static Discharge         Conj/Air       #.......     82%         3    ####...
 Force Lance              Conj/Tloc      #.......     99%         4    #####..
 Bolt of Magma            Conj/Fire/Erth #.........   100%        5    ######.
 Dragon Form              Tmut           #.........   100%        7    #######
 Summon Hydra             Summ           #.........   100%        7    #######


Dungeon Overview and Level Annotations

Branches:
Dungeon (1/1)

Altars:
Cheibriados
Dithmenos
Elyvilon
Fedhas
Gozag
Hepliaklqana
Kikubaaqudgha
Makhleb
Nemelex Xobeh
Okawaru
Qazlal
Ru
Sif Muna
Trog
Uskayaw
Vehumet
Wu Jian
Xom
Yredelemnul
Zin
The Shining One
Jiyva
Lugonu

Shops:
D *[*%***?=%*[[}(}*([[:

Annotations:
D Lom Lobon, Tiamat


Innate Abilities, Weirdness & Mutations

You are very small and have problems with some larger weapons.
You are too small for most types of armour.
You have supernaturally acute eyesight. (SInv)
You are a herbivore.
You cover ground extremely quickly.
You need to consume almost no food.
You are partially covered in iridescent scales. (AC +2)
You are somewhat resistant to further mutation.
You do not regenerate when monsters are visible.
You are weak. (Str -2)
Potions are less effective at restoring your health.


Message History

The stone wall is torn apart as a burning bush grows in its place.
The stone wall is torn apart as an oklob plant grows in its place.
The stone wall is torn apart as a burning bush grows in its place.
You feel somewhat more hungry.
You can no longer transform dungeon walls and trees into plant allies.
Lom Lobon screams, "Face thy requiem, thou yeasty fat-kidneyed mammet!"
Lom Lobon gestures at you.
Lom Lobon conjures a mighty blast of ice!
The great icy blast engulfs your burning bush!!!
Your burning bush is flash-frozen.
The great icy blast engulfs your burning bush!!!!
Your burning bush is flash-frozen.
The great icy blast engulfs your oklob plant!!!
Your oklob plant is flash-frozen.
The great icy blast engulfs your wandering mushroom!!!
Your wandering mushroom is flash-frozen.
The great icy blast engulfs you!!! You partially resist.
Ouch! That really hurt!
You die...
Fedhas appreciates your contribution to the ecosystem.

#.###.#.≈..#.....§§§....#.#
....#.###..#......§§....#.#
....#.#.+..##....^.....##.#
.####'#°##'##..........#°°#
##....#°#≈≈≈##........##°.#
)PP####.#≈≈≈≈##...)(.##°°.#
P###,,^°#≈≈≈≈≈########○.°.#
##°.,°####≈≈≈≈#≈≈≈≈≈#.°.○.#
^§°°°°#..#'≈≈≈'f@.≈≈'..○..#
°§§°§,#...#P≈≈.§§≈≈≈#≈≈≈..#
°§§°.,#...fPPPPP§'#####≈≈≈#
^§§°°§#....#≈§§§§≈≈≈≈≈##≈≈#
.^°°°°#######§§§§≈≈≈≈≈≈≈≈≈#
.°§°*&○)P#§§&○..≈≈≈≈≈≈≈#≈≈#
,§○°§°#&..P☼#........≈≈≈#≈#
*###**#PPP#################
###


You could see Lom Lobon, 2 friendly oklob plants, 2 friendly wandering mushrooms
and 4 friendly burning bushes.

Vanquished Creatures
  A golden dragon (D)
  A shadow dragon (D)
  A fire giant (D)
  A lorocyproca (D)
  A hydra (D)
  2 centaur warriors (D)
  Sonja (D)
  A deep troll (D)
  5 unseen horrors (D)
  A lindwurm (D)
  4 shining eyes (D)
  A meliai (D)
  A hornet (D)
  A slime creature (D)
  2 redbacks (D)
  Sigmund (D)
  13 hogs (D)
  A yak (D)
  6 floating eyes (D)
  A necrophage (D)
  An ogre (D)
  3 jellies (D)
  Ijyb (D)
  A ballistomycete spore (D)
52 creatures vanquished.

Vanquished Creatures (collateral kills)
  the Lernaean hydra (D)
  3 fire giants (D)
  A daeva (D)
  A deep elf annihilator (D)
  A mummy priest (D)
  2 unseen horrors (D)
  4 shining eyes (D)
  2 merfolk sirens (D)
  A gargoyle (D)
  2 kobold demonologists (D)
  A hellwing (D)
  4 demonic crawlers (D)
  3 hornets (D)
  A floating eye (D)
  6 necrophages (D)
  5 jellies (D)
38 creatures vanquished.

Vanquished Creatures (others)
  A deep elf master archer (D)
  An oklob plant (D)
  A gargoyle (D)
  A hornet (D)
  5 ball lightnings (D)
  A ballistomycete spore (D)
10 creatures vanquished.

Grand Total: 100 creatures vanquished

Notes
Turn   | Place    | Note
-------+----------+-------------------------------------------
     0 | D        | Chiseanne the Spriggan Assassin began the quest for the
                  | Orb.
     0 | D        | Reached XP level 1. HP: 10/10 MP: 2/2
     1 | D        | Noticed Ijyb
    13 | D        | Killed Ijyb
    13 | D        | Reached skill level 9 in Stealth
    13 | D        | Reached XP level 2. HP: 10/14 MP: 3/3
   108 | D        | Noticed an ogre
   111 | D        | Killed an ogre
   111 | D        | Reached skill level 12 in Stealth
   111 | D        | Reached XP level 3. HP: 18/18 MP: 4/4
   111 | D        | Reached XP level 4. HP: 22/22 MP: 5/5
   120 | D        | Noticed Sigmund
   129 | D        | Killed Sigmund
   129 | D        | Reached skill level 10 in Dodging
   129 | D        | Reached skill level 15 in Stealth
   129 | D        | Reached XP level 5. HP: 25/25 MP: 6/6
   254 | D        | Found a shimmering blue altar of Sif Muna.
   255 | D        | Found an ornate altar of the Wu Jian Council.
   256 | D        | Found a radiant altar of Vehumet.
   260 | D        | Reached XP level 6. HP: 30/30 MP: 7/7
   288 | D        | Found Payhibi's Food Emporium.
   288 | D        | Found an ancient bone altar of Kikubaaqudgha.
   288 | D        | Found a hazy altar of Hepliaklqana.
   288 | D        | Found a hide-covered altar of Uskayaw.
   288 | D        | Found a basalt altar of Yredelemnul.
   288 | D        | Found an opulent altar of Gozag.
   288 | D        | Found a snail-covered altar of Cheibriados.
   288 | D        | Found a sacrificial altar of Ru.
   288 | D        | Found a shadowy altar of Dithmenos.
   288 | D        | Noticed a yak
   289 | D        | Found a stormy altar of Qazlal.
   289 | D        | Found a blossoming altar of Fedhas.
   289 | D        | Found a bloodstained altar of Trog.
   289 | D        | Found an iron altar of Okawaru.
   289 | D        | Found a glowing golden altar of the Shining One.
   289 | D        | Found a glowing silver altar of Zin.
   289 | D        | Found a white marble altar of Elyvilon.
   290 | D        | Killed a yak
   290 | D        | Reached skill level 17 in Stealth
   291 | D        | Found a sparkling altar of Nemelex Xobeh.
   294 | D        | Became a worshipper of Fedhas Madash
   302 | D        | Noticed Sonja
   306 | D        | Killed Sonja
   306 | D        | Reached skill level 20 in Stealth
   306 | D        | Reached XP level 7. HP: 33/33 MP: 8/8
   324 | D        | Found Labuwug's General Store.
   332 | D        | Bought a potion of flight for 30 gold pieces
   332 | D        | Bought a potion of curing for 30 gold pieces
   332 | D        | Bought a scroll of remove curse for 30 gold pieces
   332 | D        | Bought a scroll of identify for 20 gold pieces
   332 | D        | Bought a ration for 50 gold pieces
   332 | D        | Bought a ration for 50 gold pieces
   551 | D        | Noticed a deep troll
   564 | D        | Killed a deep troll
   564 | D        | Reached skill level 15 in Dodging
   564 | D        | Reached skill level 21 in Stealth
   564 | D        | Reached XP level 8. HP: 9/37 MP: 9/9
   575 | D        | Found Ekhloran's Armour Emporium.
   839 | D        | Noticed a centaur warrior
   840 | D        | Noticed a centaur warrior
   842 | D        | Killed a centaur warrior
   842 | D        | Reached * piety under Fedhas
   842 | D        | Reached skill level 22 in Stealth
   842 | D        | Reached XP level 9. HP: 41/41 MP: 9/13
   843 | D        | Killed a centaur warrior
   843 | D        | Reached skill level 23 in Stealth
   866 | D        | Noticed an oklob plant
   888 | D        | Reached ** piety under Fedhas
  1057 | D        | Noticed a shining eye
  1057 | D        | Noticed a shining eye
  1057 | D        | Noticed a shining eye
  1058 | D        | Noticed a shining eye
  1058 | D        | Noticed a shining eye
  1058 | D        | Noticed a shining eye
  1059 | D        | Noticed a shining eye
  1059 | D        | Noticed a shining eye
  1060 | D        | Killed a shining eye
  1060 | D        | Reached skill level 24 in Stealth
  1062 | D        | Reached *** piety under Fedhas
  1064 | D        | Killed a shining eye
  1064 | D        | Reached XP level 10. HP: 46/46 MP: 15/17
  1066 | D        | Paralysed by a floating eye for 3 turns
  1067 | D        | Gained mutation: You are partially covered in iridescent
                  | scales. (AC +2) [a shining eye]
  1068 | D        | Gained mutation: Potions are less effective at restoring
                  | your health. [a shining eye]
  1068 | D        | Gained mutation: You are clumsy. (Dex -2) [a shining eye]
  1074 | D        | Paralysed by a floating eye for 4 turns
  1083 | D        | Paralysed by a floating eye for 4 turns
  1090 | D        | Paralysed by a floating eye for 4 turns
  1099 | D        | Paralysed by a floating eye for 3 turns
  1112 | D        | Gained mutation: Your magical capacity is low. (-10% MP) [a
                  | shining eye]
  1116 | D        | Gained mutation: You are dopey. (Int -2) [a shining eye]
  1117 | D        | Gained mutation: You tend to lose your temper in combat. [a
                  | shining eye]
  1122 | D        | Gained mutation: You are weak. (Str -2) [a shining eye]
  1126 | D        | Gained mutation: Your body sometimes deteriorates upon
                  | taking damage. [a shining eye]
  1130 | D        | Killed a shining eye
  1130 | D        | Reached **** piety under Fedhas
  1136 | D        | Killed a shining eye
  1136 | D        | Reached skill level 10 in Invocations
  1137 | D        | Killed a shining eye
  1137 | D        | Reached skill level 25 in Stealth
  1146 | D        | Gained mutation: You do not regenerate when monsters are
                  | visible. [a shining eye]
  1162 | D        | Killed a shining eye
  1167 | D        | Killed a shining eye
  1185 | D        | Killed a shining eye
  1186 | D        | Found Ysti's General Store.
  1186 | D        | Found Iplei's General Store.
  1187 | D        | Found Vytsulaf's Armour Shoppe.
  1187 | D        | Found Ciral's Assorted Antiques.
  1190 | D        | Bought the +0 mask of the Dragon {MR+ Slay+3 SInv} for 467
                  | gold pieces
  1190 | D        | Found the +0 mask of the Dragon {MR+ Slay+3 SInv}
  1190 | D        | Bought a +2 buckler for 231 gold pieces
  1202 | D        | Bought a scroll labeled SUOBBOO MEADIE for 24 gold pieces
  1202 | D        | Bought an emerald potion for 21 gold pieces
  1202 | D        | Bought a metallic green potion for 21 gold pieces
  1237 | D        | Noticed an unseen horror
  1237 | D        | Noticed an unseen horror
  1240 | D        | Killed an unseen horror
  1241 | D        | Killed an unseen horror
  1255 | D        | Reached skill level 26 in Stealth
  1273 | D        | Reached ***** piety under Fedhas
  1348 | D        | Found Lomuqa's Magic Scroll Shoppe.
  1348 | D        | Found Meadulin's General Store.
  1348 | D        | Found Mugeudud's Jewellery Boutique.
  1350 | D        | Found Gocvavvu's Food Emporium.
  1350 | D        | Found Qoimun's General Store.
  1350 | D        | Found Kokouhom's Armour Shoppe.
  1350 | D        | Found Ogann's Armour Boutique.
  1350 | D        | Found Musa's Gadget Emporium.
  1350 | D        | Found Hecuj's Weapon Shop.
  1350 | D        | Found Xuet's Gadget Shoppe.
  1353 | D        | Found Zowewoll's Assorted Antiques.
  1354 | D        | Found Usmuck's Antique Armour Emporium.
  1354 | D        | Found Zerrinli's Weapon Boutique.
  1355 | D        | Found Roegh's Book Emporium.
  1363 | D        | Maedhros: hows it going?
  1363 | D        | Chiseanne: I die all the time xD
  1363 | D        | Maedhros: xD
  1363 | D        | Maedhros: just spam oklob plants
  1363 | D        | Maedhros: and stay away
  1363 | D        | Maedhros: use 2 or 3
  1363 | D        | Maedhros: to not waste piety
  1363 | D        | Chiseanne: ok
  1364 | D        | Maedhros: and drag as many as possible
  1364 | D        | Maedhros: to them
  1365 | D        | Chiseanne: will try
  1365 | D        | Maedhros: i just splashed
  1366 | D        | Maedhros: very promising octopode
  1366 | D        | Maedhros: with 15 ac xD
  1385 | D        | Maedhros: 3 rings +4 ac and +2 and +1 mutation
  1385 | D        | Chiseanne: damn xD
  1387 | D        | Maedhros: i got paralyzed on going down stairs in orc 2
  1393 | D        | Found a burning altar of Makhleb.
  1393 | D        | Found a viscous altar of Jiyva.
  1393 | D        | Found a shimmering altar of Xom.
  1393 | D        | Found a corrupted altar of Lugonu.
  1398 | D        | Maedhros: couldnt do nothing, there was no other stairs
                  | down
  1400 | D        | Reached XP level 11. HP: 49/49 MP: 12/19
  1418 | D        | Maedhros: and i needed rpois or statue form book
  1421 | D        | Maedhros: im gonna go play bannerlord
  1422 | D        | Maedhros: see later!
  1423 | D        | Maedhros: x fingers for u
  1639 | D        | Noticed a lindwurm
  1643 | D        | Killed a lindwurm
  1689 | D        | Bought a scroll of immolation for 35 gold pieces
  1689 | D        | Bought a scroll of identify for 20 gold pieces
  1689 | D        | Bought a scroll of blinking for 75 gold pieces
  1720 | D        | Bought a scroll labeled QOADIR KUPEWN for 17 gold pieces
  1720 | D        | Bought 2 scrolls of identify for 68 gold pieces
  1720 | D        | Bought a scroll labeled JAZARI HUISICS for 17 gold pieces
  1720 | D        | Bought a cyan potion for 15 gold pieces
  1779 | D        | Reached ****** piety under Fedhas
  1785 | D        | Reached skill level 27 in Stealth
  1797 | D        | Noticed a 12-headed hydra
  1799 | D        | Killed a 12-headed hydra
  1821 | D        | Noticed a lorocyproca
  1822 | D        | Noticed a daeva
  1838 | D        | Killed a lorocyproca
  2074 | D        | Bought a scroll labeled JUTWABBYCK for 17 gold pieces
  2074 | D        | Bought a scroll of identify for 34 gold pieces
  2074 | D        | Bought a potion of curing for 51 gold pieces
  2145 | D        | Bought a scroll of fog for 22 gold pieces
  2145 | D        | Bought a scroll of identify for 22 gold pieces
  2145 | D        | Bought a scroll of torment for 82 gold pieces
  2181 | D        | Bought a cursed -3 ring of slaying for 22 gold pieces
  2183 | D        | Bought a scroll of identify for 26 gold pieces
  2183 | D        | Bought a scroll of identify for 26 gold pieces
  2183 | D        | Bought a scroll of identify for 26 gold pieces
  2183 | D        | Bought a scroll of identify for 26 gold pieces
  2183 | D        | Bought a scroll of identify for 26 gold pieces
  2184 | D        | Bought a potion of heal wounds for 70 gold pieces
  2237 | D        | Killed a daeva
  2261 | D        | Noticed an unseen horror
  2261 | D        | Noticed an unseen horror
  2261 | D        | Noticed an unseen horror
  2261 | D        | Noticed an unseen horror
  2261 | D        | Noticed an unseen horror
  2261 | D        | Killed an unseen horror
  2261 | D        | Reached skill level 15 in Invocations
  2263 | D        | Killed an unseen horror
  2265 | D        | Killed an unseen horror
  2267 | D        | Killed an unseen horror
  2267 | D        | Reached XP level 12. HP: 44/53 MP: 4/22
  2419 | D        | Bought a potion of mutation for 112 gold pieces
  2422 | D        | Lost mutation: You are dopey. (Int -2) [potion of mutation]
  2422 | D        | Lost mutation: Your magical capacity is low. (-10% MP)
                  | [potion of mutation]
  2422 | D        | Lost mutation: You tend to lose your temper in combat.
                  | [potion of mutation]
  2422 | D        | Lost mutation: Your body sometimes deteriorates upon taking
                  | damage. [potion of mutation]
  2422 | D        | Lost mutation: You are clumsy. (Dex -2) [potion of
                  | mutation]
  2422 | D        | Gained mutation: You are somewhat resistant to further
                  | mutation. [potion of mutation]
  2476 | D        | Noticed a fire giant
  2480 | D        | Noticed a fire giant
  2481 | D        | Noticed a fire giant
  2482 | D        | Noticed a fire giant
  2484 | D        | Killed a fire giant
  2494 | D        | Killed a fire giant
  2500 | D        | Killed a fire giant
  2503 | D        | Killed a fire giant
  2532 | D        | Identified the +4 dragonskin cloak
  2532 | D        | Noticed Tiamat
  2614 | D        | Bought a fabulously ornate robe for 182 gold pieces
  2614 | D        | Identified the cursed +1 robe of the Marlin {rC- rN+ Int+3
                  | Dex+6} (You bought it in a shop in the Dungeon)
  2632 | D        | Bought a scroll of identify for 26 gold pieces
  2632 | D        | Bought a scroll of identify for 26 gold pieces
  2924 | D        | Bought an uncursed ring of poison resistance for 220 gold
                  | pieces
  2924 | D        | Bought an uncursed amulet of faith for 440 gold pieces
  3097 | D        | Bought a +3 ring of evasion for 231 gold pieces
  3105 | D        | Bought a sack of spiders for 220 gold pieces
  3160 | D        | Noticed a deep elf annihilator
  3186 | D        | Killed a deep elf annihilator
  3193 | D        | Noticed a mummy priest
  3196 | D        | Killed a mummy priest
  3204 | D        | Noticed Lom Lobon
  3325 | D        | Noticed the 27-headed Lernaean hydra
  3332 | D        | Killed the 27-headed Lernaean hydra
  3375 | D        | Killed a deep elf master archer
  3460 | D        | Noticed a shadow dragon
  3461 | D        | Noticed a golden dragon
  3465 | D        | Killed a shadow dragon
  3467 | D        | Killed a golden dragon
  3527 | D        | Found Pemang's Food Shoppe.
  3528 | D        | Found the cursed necklace of Bloodlust {*Rage +Rage MR++
                  | Int-3 Slay+6 *Curse}
  3544 | D        | Got a faintly glowing amber ring
  3552 | D        | Bought a ration for 55 gold pieces
  3552 | D        | Bought a ration for 55 gold pieces
  3552 | D        | Bought a ration for 55 gold pieces
  3552 | D        | Bought a ration for 55 gold pieces
  3552 | D        | Bought a ration for 55 gold pieces
  3552 | D        | Bought a ration for 55 gold pieces
  3553 | D        | Identified the ring "Lifol" {rElec AC+3 Int+2} (You found
                  | it in the Dungeon)
  3580 | D        | Identified Zemanufi's Disquisition on Warped Conjuration
  3582 | D        | Identified the Volume of Shape Shifting and Summoning
  3591 | D        | Learned a level 6 spell: Statue Form
  3928 | D        | Bought the +4 skin of Zhor {Hibernate rC+++ SInv} for 1130
                  | gold pieces
  3928 | D        | Found the +4 skin of Zhor {Hibernate rC+++ SInv}
  4098 | D        | Identified the Handbook of Displaced Fire
  4136 | D        | Killed from afar by Lom Lobon

Levels and vault maps discovered:
D:        dungeon_sprint_1 [red_sonja_temple_1, red_sonja_temple_small_1]

Skill      XL: |  1  2  3  4  5  6  7  8  9 10 11 12 |
---------------+-------------------------------------+-----
Dodging        | 4 7 10 13 15 16 18 21 25 | 25.0
Stealth        | 9 12 15 20 21 22 24 26 27 | 27.0
Invocations    | 4 9 12 15 18 | 18.5
Fighting       | |  1.5
Short Blades   | |  2.1
Throwing       | |  2.0

Action                   |  1- 3 |  4- 6 |  7- 9 | 10-12 || total
-------------------------+-------+-------+-------+-------++-------
Melee: Dagger            |     4 |     5 |       |       ||     9
       Short sword       |       |       |    34 |    74 ||   108
Throw: Dart              |     7 |     5 |       |       ||    12
Invok: Overgrow          |       |       |       |     9 ||     9
       Wall of Briars    |       |       |       |     2 ||     2
       Grow Oklob        |       |       |       |    20 ||    20
  Use: Potion            |       |       |     4 |     5 ||     9
       Scroll            |       |       |     1 |    14 ||    15
 Stab: Sleeping          |     1 |     3 |     8 |    30 ||    42
       Distracted        |       |       |       |     1 ||     1
  Eat: Ration            |       |       |     1 |     5 ||     6
Armor: Robe              |     1 |       |       |       ||     1
Dodge: Dodged            |     4 |     3 |    31 |    29 ||    67
Block: Buckler           |       |       |       |    11 ||    11
